 Dungeon Crawl Stone Soup version 0.21-a0-241-g2cbab09 (webtiles) character file.

10278 Argmax the Carver (level 11, -10/86 HPs)
             Began as a Black Draconian Ice Elementalist on Sept 3, 2017.
             Was a High Priest of Vehumet.
             Mangled by a spiny frog (23 damage)
             ... on level 1 of the Lair of Beasts.
             The game lasted 01:26:55 (14320 turns).

Argmax the Carver (DrIE)                           Turns: 14320, Time: 01:26:55

Health: -10/86     AC:  9    Str: 14    XL:     11   Next: 34%
Magic:  1/14       EV: 18    Int: 17    God:    Vehumet [*****.]
Gold:   561        SH:  0    Dex: 15    Spells: 0/14 levels left

rFire    + . .     SeeInvis .   a - +2 long sword of Veplyasa {elec, +Rage Str+3 Stlth+} (curse)
rCold    + . .     Gourm    .   (no shield)
rNeg     . . .     Faith    .   (armour unavailable)
rPois    .         Spirit   .   (helmet restricted)
rElec    +         Reflect  .   D - scarf {rC+ rF+}
rCorr    .         Harm     .   y - +0 pair of gloves
MR       .....                  L - +0 pair of boots
Stlth    +++.......             e - amulet of rage
HPRegen  0.64/turn              g - ring of wizardry
MPRegen  0.14/turn              h - +4 ring of dexterity

@: no status effects
A: breathe lightning, unfitting armour, clumsy 1, regeneration 1, electricity
resistance, wild magic 1, cold-blooded, AC +7
a: Breathe Lightning, Renounce Religion, Evoke Berserk Rage


You were on level 1 of the Lair of Beasts.
You worshipped Vehumet.
Vehumet was extremely pleased with you.
You were hungry.

You visited 2 branches of the dungeon, and saw 11 of its levels.

You collected 722 gold pieces.
You spent 161 gold pieces at shops.

Inventory:

Hand Weapons
 a - the cursed +2 long sword of Veplyasa (weapon) {elec, +Rage Str+3 Stlth+}
   (You bought it in a shop on level 5 of the Dungeon)

   Occasionally, upon striking a foe, it will discharge some electrical energy
   and cause terrible harm.
   It affects your strength (+3).
   It lets you go berserk.
   It makes you more stealthy.
   It has a curse placed upon it.
Missiles
 x - 5 tomahawks (quivered)
 J - 14 tomahawks of dispersal
 M - 2 throwing nets
Armour
 y - a +0 pair of gloves (worn)
 D - a scarf of resistance (worn)
 L - a +0 pair of boots (worn)
Jewellery
 e - an amulet of rage (around neck)
 g - a ring of wizardry (left hand)
 h - a +4 ring of dexterity (right hand)
 w - an uncursed ring of positive energy
Wands
 i - a wand of iceblast (0/15)
 A - a wand of flame (0/48)
 P - a wand of digging (8/24)
 S - a wand of random effects (20/48)
Scrolls
 d - a scroll of recharging
 q - a scroll of blinking
 s - 2 scrolls of magic mapping
 v - 4 scrolls of remove curse
 z - 4 scrolls of fear
 F - 8 scrolls of teleportation
 I - 2 scrolls of fog
 N - 4 scrolls of identify
 T - a scroll of vulnerability {unknown}
 W - a scroll of enchant weapon
Potions
 c - 2 potions of curing
 l - 2 potions of haste {unknown}
 o - 2 potions of agility {unknown}
 p - 2 potions of cancellation
 r - 5 potions of mutation
 t - 4 potions of heal wounds
 u - 3 potions of berserk rage {unknown}
 B - a potion of lignification {unknown}
 C - 2 potions of magic {unknown}
 E - 3 potions of flight {unknown}
 H - a potion of might {unknown}
 K - a potion of brilliance {unknown}
Books
 j - a book of Frost

   Spells                             Type                      Level
   a - Freeze                         Ice                          1
   b - Throw Frost                    Conjuration/Ice              2
   c - Ozocubu's Armour               Charms/Ice                   3
   d - Throw Icicle                   Conjuration/Ice              4
   e - Summon Ice Beast               Ice/Summoning                4
 n - a book of Geomancy

   Spells                             Type                      Level
   a - Sandblast                      Earth                        1
   b - Passwall                       Transmutation/Earth          2
   c - Stone Arrow                    Conjuration/Earth            3
   d - Petrify                        Transmutation/Earth          4
   e - Lee's Rapid Deconstruction     Earth                        5
 V - a book of Callings

   Spells                             Type                      Level
   a - Summon Small Mammal            Summoning                    1
   b - Call Imp                       Summoning                    2
   c - Call Canine Familiar           Summoning                    3
   d - Summon Guardian Golem          Hexes/Summoning              3
   e - Summon Lightning Spire         Summoning/Air                4
   f - Summon Ice Beast               Ice/Summoning                4
Comestibles
 b - 12 bread rations
 f - 9 royal jellies
 k - 3 chunks of flesh
 G - 4 meat rations


   Skills:
 - Level 5.1 Fighting
 + Level 10.4 Long Blades
 + Level 9.5 Dodging
 - Level 1.7 Stealth
 - Level 2.1 Spellcasting
 - Level 5.3 Conjurations
 - Level 5.1 Summonings
 + Level 2.6 Transmutations
 - Level 5.4 Ice Magic


You couldn't memorise any spells.
You knew the following spells:

 Your Spells              Type           Power        Failure   Level  Hunger
a - Freeze                Ice            ####         1%          1    #......
b - Irradiate             Conj/Tmut      ###.......   14%         5    ######.
c - Summon Ice Beast      Ice/Summ       ####....     12%         4    #####..
d - Iskenderun's Mystic   Conj           ####....     3%          4    #####..


Dungeon Overview and Level Annotations

Branches:
Dungeon (10/15)            Temple (0/1) D:5            Lair (1/6) D:10
    Orc: D:9-12

Altars:
Ashenzari
Dithmenos
Elyvilon
Fedhas
Hepliaklqana
Makhleb
Okawaru
Qazlal
Ru
Sif Muna
Vehumet
Wu Jian
Xom

Shops:
D:5 (


Innate Abilities, Weirdness & Mutations

You can breathe wild blasts of lightning.
Your glossy black scales are hard. (AC +7)
You cannot fit into any form of body armour.
You are resistant to electric shocks. (rElec)
You are cold-blooded and may be slowed by cold attacks.
You are clumsy. (Dex -2)
Your natural rate of healing is unusually fast.
Your spells are a little harder to cast, but a little more powerful.


Message History

The spiny frog is moderately wounded.
Your ice beast closely misses the spiny frog.
Your ice beast hits the spiny frog but does no damage.
The spiny frog stings you!!
You barely miss the spiny frog.
The spiny frog is moderately wounded.
Your ice beast barely misses the spiny frog.
Your ice beast hits the spiny frog but does no damage.
The spiny frog stings you!!
* * * LOW HITPOINT WARNING * * *
Casting: Freeze
Confirm with . or Enter, or press ? or * to list all spells.
Aiming: Freeze
Press: ? - help, Shift-Dir - straight line, f - spiny frog
Aim: a spiny frog (moderately wounded)
You freeze the spiny frog.
The spiny frog is heavily wounded.
Your ice beast barely misses the spiny frog.
The spiny frog stings you!!
You die...

.###.## #### #.##
..#...### #.P#
.##....$# #.##
#.$.##..# #.#
#....##.# #.#
##..!.Y.## #.#
.........#### ##.#
.##.###..##.###FY#
....#...(†....Y.@#
.#.##....#########
## #....# #.#..#
...#..# .####..# .
#... #...


You could see a spiny frog and 2 friendly ice beasts.

Vanquished Creatures
  A two-headed ogre (D:10)
  Joseph (D:9)
  An oklob plant (D:10)
  A spiny frog (Lair:1)
  2 komodo dragons (Lair:1)
  Prince Ribbit (D:8)
  Grinder (D:3)
  2 hornets
  A spriggan (D:10)
  8 yaks
  2 hungry ghosts
  An acid dragon (D:10)
  A water moccasin (D:6)
  5 porcupines (Lair:1)
  Duvessa (D:4)
  2 orc warriors
  2 ice beasts
  5 ogres
  A black bear (D:10)
  4 phantoms
  2 sky beasts (D:6)
  3 centaurs
  4 wolves (Lair:1)
  3 big kobolds
  8 bullfrogs
  Dowan (D:4)
  2 wyvern skeletons
  2 scorpions
  A killer bee (D:10)
  4 wights (D:6)
  A howler monkey (D:4)
  An electric eel (D:10)
  5 crimson imps
  A centaur zombie (D:7)
  8 orc priests
  A gnoll shaman (D:6)
  3 jellies
  3 hounds
  5 iguanas
  A centaur skeleton (D:9)
  Terence (D:3)
  Natasha (thrice) (D:3)
  7 orc wizards
  9 worker ants
  A killer bee zombie (D:9)
  A hound zombie (D:5)
  A hound skeleton (D:9)
  A worker ant zombie (D:8)
  10 gnolls
  19 adders
  A shadow imp (D:6)
  An ooze (D:2)
  An adder zombie (D:6)
  3 adder skeletons
  A worm (D:3)
  6 leopard geckos
  40 orcs
  2 ball pythons
  5 bats
  9 giant cockroaches
  7 goblins
  5 hobgoblins
  5 jackals
  26 kobolds
  4 quokkas
  A ball python skeleton (D:6)
  6 frilled lizards
  A giant cockroach zombie (D:5)
  A leopard gecko skeleton (D:6)
  7 rats
  2 plants (D:10)
289 creatures vanquished.

Vanquished Creatures (collateral kills)
  A komodo dragon (Lair:1)
  2 killer bees (D:10)
  A shadow imp (D:8)
  An orc (D:8)
  A quokka (D:10)
6 creatures vanquished.

Vanquished Creatures (others)
  5 fungi (Lair:1)
  3 plants (Lair:1)
8 creatures vanquished.

Grand Total: 303 creatures vanquished

Notes
Turn   | Place    | Note
-------+----------+-------------------------------------------
     0 | D:1      | Argmax the Draconian Ice Elementalist began the quest for the Orb.
     0 | D:1      | Reached XP level 1. HP: 14/14 MP: 3/3
    64 | D:1      | Reached skill level 1 in Fighting
   541 | D:1      | Reached XP level 2. HP: 23/24 MP: 5/5
  1322 | D:2      | Reached XP level 3. HP: 27/31 MP: 1/6
  1784 | D:2      | Found a deep blue altar of Sif Muna.
  1785 | D:2      | Found a shattered altar of Ashenzari.
  2070 | D:3      | Noticed Grinder
  2070 | D:3      | Paralysed by Grinder for 3 turns
  2191 | D:3      | Paralysed by Grinder for 4 turns
  2351 | D:3      | Reached XP level 4. HP: 38/40 MP: 2/7
  2386 | D:3      | Noticed Natasha
  2407 | D:3      | Killed Natasha
  2427 | D:3      | Noticed Natasha
  2537 | D:3      | Killed Natasha
  2537 | D:3      | Reached skill level 5 in Fighting
  2537 | D:3      | Reached XP level 5. HP: 38/48 MP: 1/8
  2639 | D:3      | You fall through a shaft!
  2639 | D:4      | Noticed a phantom
  3000 | D:3      | Noticed Terence
  3269 | D:3      | Killed Terence
  3321 | D:3      | Noticed Natasha
  3328 | D:3      | Killed Natasha
  3496 | D:4      | Noticed Duvessa
  3498 | D:4      | Noticed Dowan
  3569 | D:4      | Reached XP level 6. HP: 47/56 MP: 3/9
  3991 | D:4      | Found a radiant altar of Vehumet.
  3993 | D:4      | Found a sacrificial altar of Ru.
  3994 | D:4      | Found a burning altar of Makhleb.
  4014 | D:4      | Became a worshipper of Vehumet
  4027 | D:4      | Reached skill level 1 in Long Blades
  5218 | D:5      | Entered Level 5 of the Dungeon
  5307 | D:5      | Learned a level 3 spell: Ozocubu's Armour
  5513 | D:5      | Reached skill level 2 in Long Blades
  5513 | D:5      | Your scales start taking on a glossy black colour.
  5513 | D:5      | Reached XP level 7. HP: 55/61 MP: 5/10
  5513 | D:5      | Gained mutation: You are resistant to electric shocks. (rElec) [Black Draconian growth]
  5720 | D:5      | Reached * piety under Vehumet
  5720 | D:5      | Offered knowledge of Sting by Vehumet.
  5783 | D:5      | Reached skill level 5 in Ice Magic
  6048 | D:5      | Found Bifall's Antique Weapon Emporium.
  6051 | D:5      | Bought a warped long sword for 161 gold pieces
  6062 | D:5      | Identified the cursed +2 long sword of Veplyasa {elec, +Rage Str+3 Stlth+} (You bought it in a shop on level 5 of the Dungeon)
  6161 | D:5      | Reached skill level 3 in Long Blades
  6256 | D:5      | Found a staircase to the Ecumenical Temple.
  6380 | D:5      | Reached skill level 4 in Long Blades
  6382 | D:5      | Reached XP level 8. HP: 35/68 MP: 11/11
  6982 | D:6      | Reached skill level 5 in Long Blades
  6991 | D:6      | Reached skill level 5 in Dodging
  7041 | D:6      | Learned a level 4 spell: Summon Ice Beast
  7108 | D:6      | Reached skill level 1 in Summonings
  7112 | D:6      | Reached ** piety under Vehumet
  7129 | D:6      | Offered knowledge of Flame Tongue by Vehumet.
  7129 | D:6      | Reached skill level 6 in Long Blades
  7303 | D:6      | Gained mutation: Your system is resistant to poisons. (rPois) [mutagenic meat]
  7304 | D:6      | Gained mutation: Potions are less effective at restoring your health. [mutagenic meat]
  7305 | D:6      | Gained mutation: Your magical capacity is low. (-10% MP) [mutagenic meat]
  7537 | D:6      | Reached XP level 9. HP: 74/74 MP: 11/11
  8136 | D:6      | Found a blossoming altar of Fedhas.
  8136 | D:6      | Found a shadowy altar of Dithmenos.
  8136 | D:6      | Found a white marble altar of Elyvilon.
  8137 | D:6      | Found a stormy altar of Qazlal.
  8137 | D:6      | Found an ornate altar of the Wu Jian Council.
  8138 | D:6      | Found a shimmering altar of Xom.
  8140 | D:6      | Found an iron altar of Okawaru.
  8369 | D:4      | Killed Duvessa
  8369 | D:4      | Reached skill level 7 in Long Blades
  8373 | D:4      | Killed Dowan
  9197 | D:3      | Paralysed by Grinder for 5 turns
  9207 | D:3      | Paralysed by Grinder for 5 turns
  9213 | D:3      | Paralysed by Grinder for 7 turns
  9226 | D:3      | Paralysed by Grinder for 2 turns
  9229 | D:3      | Killed Grinder
  9623 | D:7      | Offered knowledge of Searing Ray by Vehumet.
  9707 | D:7      | Lost mutation: Your magical capacity is low. (-10% MP) [potion of mutation]
  9707 | D:7      | Lost mutation: Potions are less effective at restoring your health. [potion of mutation]
  9707 | D:7      | Lost mutation: Your system is resistant to poisons. (rPois) [potion of mutation]
  9707 | D:7      | Gained mutation: You are clumsy. (Dex -2) [potion of mutation]
  9707 | D:7      | Gained mutation: Your natural rate of healing is unusually fast. [potion of mutation]
  9707 | D:7      | Gained mutation: Your spells are a little harder to cast, but a little more powerful. [potion of mutation]
 10210 | D:7      | Reached *** piety under Vehumet
 10356 | D:8      | Noticed Prince Ribbit
 10412 | D:8      | Killed Prince Ribbit
 10412 | D:8      | Reached skill level 8 in Long Blades
 10416 | D:8      | Reached skill level 5 in Summonings
 10416 | D:8      | Offered knowledge of Iskenderun's Mystic Blast by Vehumet.
 10491 | D:8      | Learned a level 4 spell: Iskenderun's Mystic Blast
 10629 | D:8      | Reached XP level 10. HP: 78/81 MP: 13/13
 11656 | D:9      | Noticed Joseph
 11667 | D:9      | Killed Joseph
 11736 | D:9      | Reached **** piety under Vehumet
 11816 | D:9      | Found the +8 trident of the Octopus King {venom, rElec rPois MR+}
 11832 | D:9      | Offered knowledge of Irradiate by Vehumet.
 11967 | D:9      | Found a hazy altar of Hepliaklqana.
 11981 | D:9      | Reached skill level 9 in Long Blades
 12367 | D:10     | Entered Level 10 of the Dungeon
 12654 | D:10     | Found a staircase to the Lair.
 12654 | D:10     | Noticed an oklob plant
 13006 | D:10     | Reached skill level 5 in Conjurations
 13070 | D:10     | Paralysed by a hornet for 1 turns
 13316 | D:10     | Noticed a two-headed ogre
 13341 | D:10     | Killed a two-headed ogre
 13721 | D:10     | Killed an oklob plant
 13721 | D:10     | Reached XP level 11. HP: 51/86 MP: 2/14
 13837 | Lair:1   | Entered Level 1 of the Lair of Beasts
 13957 | Lair:1   | Learned a level 5 spell: Irradiate
 13976 | Lair:1   | Reached skill level 10 in Long Blades
 13985 | Lair:1   | Reached skill level 1 in Transmutations
 13987 | Lair:1   | Reached ***** piety under Vehumet
 13987 | Lair:1   | Offered knowledge of Iron Shot by Vehumet.
 14320 | Lair:1   | Mangled by a spiny frog

Vault maps used:
D:1:      tarquinn_simple_flora_water_e, serial_bayou_ford_a
D:2:      gammafunk_temple_overflow_statue, first_bread,
          minmay_tree_intersection
D:3:      uniq_grinder, uniq_terence, uniq_natasha
D:4:      grunt_temple_overflow_open, uniq_duvessa
D:5:      lemuel_temple_firewalk_b, serial_shops, kennysheep_mini
D:6:      minmay_diamond_boxcup, minitemple, minmay_unpleasant_kobolds
D:8:      uniq_prince_ribbit1
D:9:      lemuel_doored_altar, uniq_joseph
D:10:     dpeg_oklobed_lair, the_bakery, nicolae_lava_and_water
Lair:1:   beast_lair_carwin_8

Skill      XL: |  1  2  3  4  5  6  7  8  9 10 11 |
---------------+----------------------------------+-----
Fighting       | 1 3 4 5 |  5.1
Dodging        | 2 3 4 5 7 9 |  9.5
Ice Magic      | 4 5 |  5.4
Long Blades    | 2 4 6 8 9 10 | 10.4
Summonings     | 2 5 |  5.1
Conjurations   | 5 |  5.3
Transmutations | 2 |  2.6
Stealth        | |  1.7
Spellcasting   | |  2.1

Action                   |  1- 3 |  4- 6 |  7- 9 | 10-12 || total
-------------------------+-------+-------+-------+-------++-------
Melee: Hand axe          |    12 |       |       |       ||    12
       Unarmed           |     2 |       |       |       ||     2
       Tailslap          |     7 |     6 |    51 |    29 ||    93
       Short sword       |    79 |       |       |       ||    79
       Dagger            |    11 |    54 |    44 |       ||   109
       Long sword        |       |       |   267 |   232 ||   499
Throw: Stone             |     1 |     1 |       |       ||     2
       Tomahawk          |     2 |    16 |     4 |     1 ||    23
 Cast: Freeze            |    41 |   113 |    24 |    11 ||   189
       Ozocubu's Armour  |       |     2 |     5 |     1 ||     8
       Summon Ice Beast  |       |       |     4 |    15 ||    19
       Iskenderun's Myst |       |       |       |    30 ||    30
 Abil: Breathe Lightning |       |       |     8 |    11 ||    19
       Evoke Berserk Rag |       |       |       |     1 ||     1
Evoke: Wand              |       |       |     1 |    21 ||    22
  Use: Scroll            |       |    14 |     2 |     4 ||    20
       Potion            |       |       |     1 |       ||     1
 Stab: Sleeping          |     1 |       |     5 |     6 ||    12
       Distracted        |       |       |     1 |       ||     1
  Eat: Chunk             |     4 |     8 |    17 |    23 ||    52
       Bread ration      |       |     1 |     1 |       ||     2
       Fruit             |       |     1 |     1 |     7 ||     9
Armor: Skin              |    49 |    28 |    85 |    45 ||   207
Dodge: Dodged            |   109 |    77 |   213 |   163 ||   562
       Rpst.: Long sword |       |       |    66 |    55 ||   121

Table legend:
 A = Spawn XP
 B = Non-spawn XP
 C = Spawn XP percentage of total XP
 D = Spawn monster count
 E = Non-spawn monster count
 F = Spawn count percentage of total count
 G = Total turns spent on level
                    A         B        C        D         E        F      G
               +---------+---------+-------+---------+---------+-------+---------
         Total |    2718 |   11965 |  18.5 |      58 |     235 |  19.8 | 14320
               +---------+---------+-------+---------+---------+-------+---------
           D:1 |       6 |      25 |  19.4 |       4 |      14 |  22.2 |  1132
           D:2 |      25 |      36 |  41.0 |       5 |      17 |  22.7 |   922
           D:3 |      18 |     515 |   3.4 |       4 |      18 |  18.2 |  2404
           D:4 |     139 |     520 |  21.1 |       6 |      23 |  20.7 |  1998
           D:5 |       8 |     794 |   1.0 |       4 |      28 |  12.5 |  1712
           D:6 |     579 |    1122 |  34.0 |      12 |      28 |  30.0 |  1404
           D:7 |      16 |     598 |   2.6 |       2 |      18 |  10.0 |   740
           D:8 |     270 |    1379 |  16.4 |       3 |      32 |   8.6 |  1262
           D:9 |     131 |    2256 |   5.5 |      10 |      23 |  30.3 |   793
          D:10 |    1436 |    1471 |  49.4 |       7 |      17 |  29.2 |  1470
        Lair:1 |      90 |    3249 |   2.7 |       1 |      17 |   5.6 |   483
               +---------+---------+-------+---------+---------+-------+---------
